| TOP OF THE 1ST |
|
Lehigh Valley IronPigs batting - Pitching for Albuquerque Isotopes : RHP Mark Hincks
|
|
Pitching: RHP Mark Hincks
|
|
|
Batting: RHB Mitch Boyd
|
0-0: Ball 1-0: Ball 2-0: Ball 3-0: Called Strike 3-1: Base on Balls
|
|
Batting: RHB Alberto Ramirez
|
0-0: Swinging Strike 0-1: Ball Mitch Boyd steals 2nd base 1-1: Swinging Strike 1-2: Fly out, F8 (Flyball, 89M, EV 89.4 MPH)
|
|
Batting: RHB Matt Sanders
|
0-0: TRIPLE (Flyball, 78XD, EV 100.0 MPH) Mitch Boyd scores
|
|
Batting: LHB Danny Hill
|
0-0: Ball 1-0: Foul Ball, location: 2F 1-1: Fly out, F7 (Flyball, 78M, EV 88.1 MPH) Runner from 3rd tags up, SCORES, throw by LF
|
|
Batting: RHB Raul de la Cruz
|
0-0: Ball 1-0: Called Strike 1-1: Ground out 4-3 (Groundball, 4M, EV 105.6 MPH)
|
| Top of the 1st over - 2 runs, 1 hit, 0 errors, 0 left on base; Lehigh Valley 2 - Albuquerque 0 |
| BOTTOM OF THE 1ST |
|
Albuquerque Isotopes batting - Pitching for Lehigh Valley IronPigs : RHP Ken Tetzlaff
|
|
Pitching: RHP Ken Tetzlaff
|
|
|
Batting: LHB Pablo Cardona
|
0-0: Ball 1-0: Ball 2-0: Ball 3-0: Called Strike 3-1: Foul Ball, location: 2F 3-2: Base on Balls
|
|
Batting: LHB Gabe Harvey
|
0-0: Ball 1-0: Ball 2-0: Foul Ball, location: 2F 2-1: Ball 3-1: Called Strike 3-2: Foul Ball, location: 2F 3-2: Fielders Choice at 2nd, 3-6 (Groundball, 3S, EV 81.9 MPH)
|
|
Batting: RHB Mike Thornton
|
0-0: Ball 1-0: Ball 2-0: SINGLE (Groundball, 6MD, EV 97.5 MPH) Gabe Harvey to second
|
|
Batting: RHB Ron Johansen
|
0-0: SINGLE (Line Drive, 78M, EV 106.9 MPH) Gabe Harvey to third Mike Thornton to second Runner from 3rd tries for Home, SAFE, throw by LF to home
|
|
Batting: RHB Joe LaDue
|
0-0: SINGLE (Line Drive, 6MD, EV 96.2 MPH) Mike Thornton to third Ron Johansen to second Runner from 3rd tries for Home, throw by CF and OUT! 8-2 Ron Johansen to third Joe LaDue to second
|
|
Batting: RHB Eddie McCoy
|
0-0: Called Strike 0-1: Ball 1-1: SINGLE (Groundball, 4D, EV 103.8 MPH) Ron Johansen scores Joe LaDue to third Runner from 3rd tries for Home, SAFE, throw by CF to home Eddie McCoy to second
|
|
Batting: RHB Logan Morgan
|
0-0: Ball 1-0: Fly out, F4 (Popup, 4M, EV 52.5 MPH)
|
| Bottom of the 1st over - 3 runs, 4 hits, 0 errors, 1 left on base; Lehigh Valley 2 - Albuquerque 3 |
| TOP OF THE 2ND |
|
Lehigh Valley IronPigs batting - Pitching for Albuquerque Isotopes : RHP Mark Hincks
|
|
Batting: SHB Phuck II
|
0-0: Ball 1-0: Ball 2-0: Called Strike 2-1: Ground out 5-3 (Groundball, 6, EV 103.8 MPH)
|
|
Batting: SHB Benjamin Brown
|
0-0: Ball 1-0: Ball 2-0: Foul Ball, location: 2F 2-1: Called Strike 2-2: Ball 3-2: Base on Balls
|
|
Batting: RHB Bill Moldenhauer
|
0-0: Called Strike Benjamin Brown steals 2nd base (no throw) 0-1: Swinging Strike 0-2: Ball 1-2: Foul Ball, location: 2F 1-2: Ball 2-2: Strikes out swinging
|
|
Batting: RHB Luis Arce
|
0-0: Swinging Strike 0-1: Ball 1-1: Swinging Strike 1-2: Strikes out looking
|
| Top of the 2nd over - 0 runs, 0 hits, 0 errors, 1 left on base; Lehigh Valley 2 - Albuquerque 3 |
| BOTTOM OF THE 2ND |
|
Albuquerque Isotopes batting - Pitching for Lehigh Valley IronPigs : RHP Ken Tetzlaff
|
|
Batting: LHB Katsunan Akimoto
|
0-0: Foul Ball, location: 2F 0-1: Foul Ball, location: 2F 0-2: Foul Ball, location: 2F 0-2: Strikes out swinging
|
|
Batting: RHB John Freeman
|
0-0: Ball 1-0: Ball 2-0: Swinging Strike 2-1: Ball 3-1: Ground out 5-3 (Groundball, 56, EV 89.4 MPH)
|
|
Batting: LHB Pablo Cardona
|
0-0: Ball 1-0: Ball 2-0: Ball 3-0: Base on Balls
|
|
Batting: LHB Gabe Harvey
|
0-0: Ball Pablo Cardona is caught stealing 2nd base 2-6
|
| Bottom of the 2nd over - 0 runs, 0 hits, 0 errors, 0 left on base; Lehigh Valley 2 - Albuquerque 3 |
| TOP OF THE 3RD |
|
Lehigh Valley IronPigs batting - Pitching for Albuquerque Isotopes : RHP Mark Hincks
|
|
Batting: RHB Mitch Boyd
|
0-0: Ball 1-0: Ball 2-0: Foul Ball, location: 2F 2-1: Ball 3-1: Fly out, F9 (Flyball, 9, EV 71.9 MPH)
|
|
Batting: RHB Alberto Ramirez
|
0-0: Ball 1-0: Fly out, F8 (Flyball, 89D, EV 102.5 MPH)
|
|
Batting: RHB Matt Sanders
|
0-0: Foul Ball, location: 2F 0-1: Called Strike 0-2: Foul Ball, location: 2F 0-2: Foul Ball, location: 2F 0-2: Strikes out swinging
|
| Top of the 3rd over - 0 runs, 0 hits, 0 errors, 0 left on base; Lehigh Valley 2 - Albuquerque 3 |
| BOTTOM OF THE 3RD |
|
Albuquerque Isotopes batting - Pitching for Lehigh Valley IronPigs : RHP Ken Tetzlaff
|
|
Batting: LHB Gabe Harvey
|
0-0: SINGLE (Groundball, 56D, EV 103.1 MPH)
|
|
Batting: RHB Mike Thornton
|
0-0: Ball 1-0: Ball 2-0: Grounds into double play, 4-6-3 (Groundball, 4, EV 80.0 MPH)
|
|
Batting: RHB Ron Johansen
|
0-0: Ball 1-0: Called Strike 1-1: Called Strike 1-2: Foul Ball, location: 2F 1-2: Ball 2-2: Ground out 5-3 (Groundball, 56S, EV 61.2 MPH)
|
| Bottom of the 3rd over - 0 runs, 1 hit, 0 errors, 0 left on base; Lehigh Valley 2 - Albuquerque 3 |
| TOP OF THE 4TH |
|
Lehigh Valley IronPigs batting - Pitching for Albuquerque Isotopes : RHP Mark Hincks
|
|
Batting: LHB Danny Hill
|
0-0: Called Strike 0-1: Ball 1-1: Ball 2-1: Ball 3-1: Foul Ball, location: 2F 3-2: Foul Ball, location: 2F 3-2: Foul Ball, location: 2F 3-2: Foul Ball, location: 2F 3-2: Strikes out swinging
|
|
Batting: RHB Raul de la Cruz
|
0-0: Called Strike 0-1: Foul Ball, location: 2F 0-2: Foul Ball, location: 2F 0-2: Strikes out swinging
|
|
Batting: SHB Phuck II
|
0-0: Ball 1-0: Ball 2-0: Foul Ball, location: 2F 2-1: Foul Ball, location: 2F 2-2: Ball 3-2: Foul Ball, location: 2F 3-2: Foul Ball, location: 2F 3-2: Base on Balls
|
|
Batting: SHB Benjamin Brown
|
0-0: Called Strike 0-1: Swinging Strike 0-2: Foul Ball, location: 2F 0-2: Ball 1-2: Ball Phuck II steals 2nd base 2-2: SINGLE (Groundball, 6D, EV 98.8 MPH) Phuck II to third Runner from 3rd tries for Home, SAFE, throw by CF to home Benjamin Brown to second
|
|
Batting: RHB Bill Moldenhauer
|
0-0: Foul Ball, location: 2F 0-1: Foul Ball, location: 2F 0-2: Foul Ball, location: 2F 0-2: Strikes out swinging
|
| Top of the 4th over - 1 run, 1 hit, 0 errors, 1 left on base; Lehigh Valley 3 - Albuquerque 3 |
| BOTTOM OF THE 4TH |
|
Albuquerque Isotopes batting - Pitching for Lehigh Valley IronPigs : RHP Ken Tetzlaff
|
|
Batting: RHB Joe LaDue
|
0-0: Reached on error, E6 (Groundball, 6, EV 83.8 MPH)
|
|
Batting: RHB Eddie McCoy
|
0-0: Called Strike 0-1: SINGLE (Groundball, 56D, EV 95.6 MPH) Joe LaDue to second
|
|
Batting: RHB Logan Morgan
|
0-0: Called Strike 0-1: Called Strike 0-2: Ball 1-2: Strikes out swinging
|
|
Batting: LHB Katsunan Akimoto
|
0-0: Ball 1-0: Ball 2-0: Called Strike 2-1: Swinging Strike 2-2: Strikes out swinging
|
|
Batting: RHB John Freeman
|
0-0: Ball 1-0: Ball 2-0: Swinging Strike 2-1: Swinging Strike 2-2: SINGLE (Line Drive, 7S, EV 88.8 MPH) Joe LaDue to third Eddie McCoy to second Runner from 3rd tries for Home, SAFE, throw by LF to home
|
|
Batting: LHB Pablo Cardona
|
0-0: Ball 1-0: Called Strike 1-1: Fly out, F9 (Line Drive, 89M, EV 98.1 MPH)
|
| Bottom of the 4th over - 1 run, 2 hits, 1 error, 2 left on base; Lehigh Valley 3 - Albuquerque 4 |
| TOP OF THE 5TH |
|
Lehigh Valley IronPigs batting - Pitching for Albuquerque Isotopes : RHP Mark Hincks
|
|
Batting: RHB Luis Arce
|
0-0: Ball 1-0: Ball 2-0: Called Strike 2-1: Foul Ball, location: 2F 2-2: Foul Ball, location: 2F 2-2: Foul Ball, location: 2F 2-2: Ground out 4-3 (Groundball, 4MD, EV 86.9 MPH)
|
|
Batting: RHB Mitch Boyd
|
0-0: Foul Ball, location: 2F 0-1: Foul Ball, location: 2F 0-2: Strikes out looking
|
|
Batting: RHB Alberto Ramirez
|
0-0: Ball 1-0: Ball 2-0: Ball 3-0: Called Strike 3-1: Base on Balls
|
|
Batting: RHB Matt Sanders
|
0-0: Called Strike 0-1: Ball 1-1: Called Strike 1-2: Foul Ball, location: 2F 1-2: Strikes out swinging
|
| Top of the 5th over - 0 runs, 0 hits, 0 errors, 1 left on base; Lehigh Valley 3 - Albuquerque 4 |
| BOTTOM OF THE 5TH |
|
Albuquerque Isotopes batting - Pitching for Lehigh Valley IronPigs : RHP Ken Tetzlaff
|
|
Batting: LHB Gabe Harvey
|
0-0: Ball 1-0: Ball 2-0: Called Strike 2-1: SINGLE (Line Drive, 6D, EV 98.8 MPH)
|
|
Batting: RHB Mike Thornton
|
0-0: Ball 1-0: Foul Ball, location: 2F 1-1: Ball 2-1: Foul Ball, location: 2F 2-2: Ball 3-2: Base on Balls Gabe Harvey to second
|
|
Batting: RHB Ron Johansen
|
0-0: Swinging Strike 0-1: Ball 1-1: Called Strike 1-2: Ball 2-2: Foul Ball, location: 2F 2-2: TRIPLE (Line Drive, 89XD, EV 101.9 MPH) Gabe Harvey scores Mike Thornton scores
|
|
Pitching: RHP David LaBounty
|
|
|
Batting: RHB Joe LaDue
|
0-0: Called Strike 0-1: Ball 1-1: Foul Ball, location: 2F 1-2: Foul Ball, location: 2F 1-2: Strikes out swinging
|
|
Batting: RHB Eddie McCoy
|
0-0: Ball 1-0: Foul Ball, location: 2F 1-1: Foul Ball, location: 2F 1-2: Ball 2-2: Strikes out looking
|
|
Batting: RHB Logan Morgan
|
0-0: Ground out 6-3 (Groundball, 6, EV 78.8 MPH)
|
| Bottom of the 5th over - 2 runs, 2 hits, 0 errors, 1 left on base; Lehigh Valley 3 - Albuquerque 6 |
| TOP OF THE 6TH |
|
Lehigh Valley IronPigs batting - Pitching for Albuquerque Isotopes : RHP Mark Hincks
|
|
Batting: LHB Danny Hill
|
0-0: Foul Ball, location: 2F 0-1: Ball 1-1: Foul Ball, location: 2F 1-2: Strikes out looking
|
|
Pitching: LHP Drew Huckeba
|
|
|
Batting: RHB Raul de la Cruz
|
0-0: Ball 1-0: Ball 2-0: Foul Ball, location: 2F 2-1: Ball 3-1: Foul Ball, location: 2F 3-2: Foul Ball, location: 2F 3-2: Ground out 6-3 (Groundball, 6, EV 105.6 MPH)
|
|
Batting: SHB Phuck II
|
0-0: Ball 1-0: Called Strike 1-1: Foul Ball, location: 2F 1-2: Ball 2-2: Foul Ball, location: 2F 2-2: Foul Ball, location: 2F 2-2: Ball 3-2: Ground out 6-3 (Groundball, 6, EV 86.2 MPH)
|
| Top of the 6th over - 0 runs, 0 hits, 0 errors, 0 left on base; Lehigh Valley 3 - Albuquerque 6 |
| BOTTOM OF THE 6TH |
|
Albuquerque Isotopes batting - Pitching for Lehigh Valley IronPigs : RHP David LaBounty
|
|
Batting: LHB Katsunan Akimoto
|
0-0: Called Strike 0-1: Called Strike 0-2: Ball 1-2: Ball 2-2: Foul Ball, location: 2F 2-2: Strikes out swinging
|
|
Batting: RHB John Freeman
|
0-0: Called Strike 0-1: Ground out 5-3 (Groundball, 56S, EV 80.0 MPH)
|
|
Batting: LHB Pablo Cardona
|
0-0: Ball 1-0: Fly out, F8 (Flyball, 8RD, EV 90.6 MPH)
|
| Bottom of the 6th over - 0 runs, 0 hits, 0 errors, 0 left on base; Lehigh Valley 3 - Albuquerque 6 |
| TOP OF THE 7TH |
|
Lehigh Valley IronPigs batting - Pitching for Albuquerque Isotopes : LHP Drew Huckeba
|
|
Batting: SHB Benjamin Brown
|
0-0: Called Strike 0-1: Ball 1-1: Ball 2-1: Ground out 6-3 (Groundball, 6, EV 105.6 MPH)
|
|
Batting: RHB Bill Moldenhauer
|
0-0: Ball 1-0: Ball 2-0: DOUBLE (Groundball, 5L, EV 103.1 MPH)
|
|
Batting: RHB Luis Arce
|
0-0: Ball 1-0: Ball 2-0: Called Strike 2-1: Ground out 5-3 (Groundball, 5S, EV 83.8 MPH)
|
|
Batting: RHB Mitch Boyd
|
0-0: Called Strike 0-1: Ball 1-1: DOUBLE (Flyball, 89XD, EV 94.4 MPH) Bill Moldenhauer scores
|
|
Batting: RHB Alberto Ramirez
|
0-0: Ball 1-0: Called Strike 1-1: DOUBLE (Flyball, 8RD, EV 100.0 MPH) Mitch Boyd scores
|
|
Batting: RHB Matt Sanders
|
0-0: Ball 1-0: Called Strike 1-1: DOUBLE (Groundball, 5L, EV 105.6 MPH) Alberto Ramirez scores
|
|
Pinch Hitting: RHB Chris Pounds
|
0-0: Called Strike 0-1: Swinging Strike 0-2: Strikes out swinging
|
| Top of the 7th over - 3 runs, 4 hits, 0 errors, 1 left on base; Lehigh Valley 6 - Albuquerque 6 |
| BOTTOM OF THE 7TH |
|
Albuquerque Isotopes batting - Pitching for Lehigh Valley IronPigs : RHP David LaBounty
|
|
Now in LF: Alberto Ramirez
|
|
|
Now in RF: Bob Dixon
|
|
|
Batting: LHB Gabe Harvey
|
0-0: Ball 1-0: Ball 2-0: Swinging Strike 2-1: SINGLE (Line Drive, 4D, EV 96.9 MPH)
|
|
Batting: RHB Mike Thornton
|
0-0: Called Strike 0-1: Swinging Strike 0-2: Strikes out swinging
|
|
Batting: RHB Ron Johansen
|
0-0: Ball 1-0: Called Strike 1-1: Swinging Strike 1-2: Foul Ball, location: 2F 1-2: Foul Ball, location: 2F 1-2: Strikes out swinging
|
|
Batting: RHB Joe LaDue
|
0-0: Ball 1-0: Foul Ball, location: 2F 1-1: Called Strike 1-2: Strikes out swinging
|
| Bottom of the 7th over - 0 runs, 1 hit, 0 errors, 1 left on base; Lehigh Valley 6 - Albuquerque 6 |
| TOP OF THE 8TH |
|
Lehigh Valley IronPigs batting - Pitching for Albuquerque Isotopes : LHP Drew Huckeba
|
|
Pitching: RHP Jim Averette
|
|
|
Batting: RHB Raul de la Cruz
|
0-0: Ball 1-0: Ball 2-0: Ground out 5-3 (Groundball, 56, EV 103.8 MPH)
|
|
Batting: SHB Phuck II
|
0-0: Fly out, F8 (Flyball, 78M, EV 98.1 MPH)
|
|
Batting: SHB Benjamin Brown
|
0-0: SINGLE (Groundball, 56D, EV 103.1 MPH)
|
|
Batting: RHB Bill Moldenhauer
|
0-0: Called Strike 0-1: Ball 1-1: Fielders Choice at 2nd, 6-4 (Groundball, 6, EV 103.8 MPH)
|
| Top of the 8th over - 0 runs, 1 hit, 0 errors, 1 left on base; Lehigh Valley 6 - Albuquerque 6 |
| BOTTOM OF THE 8TH |
|
Albuquerque Isotopes batting - Pitching for Lehigh Valley IronPigs : RHP David LaBounty
|
|
Pitching: RHP Lucas McPhillie
|
|
|
Batting: RHB Eddie McCoy
|
0-0: Ball 1-0: Ball 2-0: Ground out U3 (Groundball, 3D, EV 88.1 MPH)
|
|
Batting: RHB Logan Morgan
|
0-0: Fly out, F7 (Line Drive, 7, EV 89.4 MPH)
|
|
Batting: LHB Katsunan Akimoto
|
0-0: Foul Ball, location: 2F 0-1: Ball 1-1: Ball 2-1: Fly out, F9 (Flyball, 9LM, EV 91.9 MPH)
|
| Bottom of the 8th over - 0 runs, 0 hits, 0 errors, 0 left on base; Lehigh Valley 6 - Albuquerque 6 |
| TOP OF THE 9TH |
|
Lehigh Valley IronPigs batting - Pitching for Albuquerque Isotopes : RHP Jim Averette
|
|
Batting: RHB Luis Arce
|
0-0: Ball 1-0: Foul Ball, location: 2F 1-1: Foul Ball, location: 2F 1-2: Strikes out looking
|
|
Batting: RHB Mitch Boyd
|
0-0: Foul Ball, location: 2F 0-1: Swinging Strike 0-2: Ball 1-2: Strikes out looking
|
|
Batting: RHB Alberto Ramirez
|
0-0: Ball 1-0: Foul Ball, location: 2F 1-1: Swinging Strike 1-2: Strikes out swinging
|
| Top of the 9th over - 0 runs, 0 hits, 0 errors, 0 left on base; Lehigh Valley 6 - Albuquerque 6 |
| BOTTOM OF THE 9TH |
|
Albuquerque Isotopes batting - Pitching for Lehigh Valley IronPigs : RHP Lucas McPhillie
|
|
Batting: RHB John Freeman
|
0-0: Ball 1-0: Ball 2-0: Ball 3-0: Base on Balls
|
|
Batting: LHB Pablo Cardona
|
0-0: Called Strike John Freeman steals 2nd base 0-1: Foul Ball, location: 2F 0-2: Ball 1-2: Foul Ball, location: 2F 1-2: Strikes out looking
|
|
Batting: LHB Gabe Harvey
|
0-0: Ball 1-0: Ball 2-0: Ground out 6-3 (Groundball, 4MS, EV 83.1 MPH) John Freeman to third
|
|
Batting: RHB Mike Thornton
|
0-0: Intentional Walk
|
|
Batting: RHB Ron Johansen
|
0-0: Called Strike Mike Thornton steals 2nd base (no throw) 0-1: Called Strike 0-2: Strikes out looking
|
| Bottom of the 9th over - 0 runs, 0 hits, 0 errors, 2 left on base; Lehigh Valley 6 - Albuquerque 6 |
| TOP OF THE 10TH |
|
Lehigh Valley IronPigs batting - Pitching for Albuquerque Isotopes : RHP Jim Averette
|
|
Batting: RHB Matt Sanders
|
0-0: Ball 1-0: Swinging Strike 1-1: Ground out 6-3 (Groundball, 6D, EV 100.0 MPH)
|
|
Batting: SHB Bob Dixon
|
0-0: Swinging Strike 0-1: Foul Ball, location: 2F 0-2: Ball 1-2: Strikes out swinging
|
|
Batting: RHB Raul de la Cruz
|
0-0: Ball 1-0: Called Strike 1-1: Called Strike 1-2: Ball 2-2: Foul Ball, location: 2F 2-2: Strikes out swinging
|
| Top of the 10th over - 0 runs, 0 hits, 0 errors, 0 left on base; Lehigh Valley 6 - Albuquerque 6 |
| BOTTOM OF THE 10TH |
|
Albuquerque Isotopes batting - Pitching for Lehigh Valley IronPigs : RHP Lucas McPhillie
|
|
Pitching: RHP Jeremy Mitchem
|
|
|
Batting: RHB Joe LaDue
|
0-0: Foul Ball, location: 2F 0-1: Foul Ball, location: 2F 0-2: Ball 1-2: SINGLE (Groundball, 4S, EV 68.8 MPH) (infield hit)
|
|
Batting: RHB Eddie McCoy
|
0-0: Ball Joe LaDue steals 2nd base 1-0: Called Strike 1-1: Ball 2-1: Ground out 6-3 (Groundball, 6S, EV 86.2 MPH) Joe LaDue to third
|
|
Batting: RHB Logan Morgan
|
0-0: Called Strike 0-1: Ball 1-1: Fielders Choice at home, 6-2 (Groundball, P, EV 82.5 MPH)
|
|
Batting: LHB Katsunan Akimoto
|
0-0: Called Strike Logan Morgan steals 2nd base 0-1: Ball 1-1: Intentional Walk
|
|
Batting: RHB John Freeman
|
0-0: Called Strike 0-1: Ball 1-1: Foul Ball, location: 2F 1-2: Ball 2-2: Strikes out swinging
|
| Bottom of the 10th over - 0 runs, 1 hit, 0 errors, 2 left on base; Lehigh Valley 6 - Albuquerque 6 |
| TOP OF THE 11TH |
|
Lehigh Valley IronPigs batting - Pitching for Albuquerque Isotopes : RHP Jim Averette
|
|
Batting: SHB Phuck II
|
0-0: Ball 1-0: Foul Ball, location: 2F 1-1: Ball 2-1: Foul Ball, location: 2F 2-2: SINGLE (Line Drive, 34, EV 107.5 MPH)
|
|
Batting: SHB Benjamin Brown
|
0-0: Ball 1-0: Sac Bunt to 5S - play at first, batter OUT! 5-3 Phuck II to second
|
|
Batting: RHB Bill Moldenhauer
|
0-0: Foul Ball, location: 2F 0-1: Swinging Strike 0-2: Ball 1-2: Ground out 1-3 (Groundball, 13S, EV 68.1 MPH) Phuck II to third
|
|
Pinch Hitting: RHB Quintin Parker
|
0-0: Intentional Walk
|
|
Batting: RHB Mitch Boyd
|
0-0: Ball 1-0: Called Strike 1-1: SINGLE (Groundball, 6MD, EV 108.1 MPH) Phuck II scores Quintin Parker to second Runner from 2nd tries for 3rd, SAFE, throw by CF made to third
|
|
Batting: RHB Alberto Ramirez
|
0-0: Called Strike 0-1: Ball 1-1: Ball 2-1: 3-RUN HOME RUN (Flyball, 9LD, EV 92.5 MPH), Distance : 342 ft
|
|
Pitching: RHP Jason Miles
|
|
|
Batting: RHB Matt Sanders
|
0-0: Ground out 4-3 (Groundball, 34, EV 86.9 MPH)
|
| Top of the 11th over - 4 runs, 3 hits, 0 errors, 0 left on base; Lehigh Valley 10 - Albuquerque 6 |
| BOTTOM OF THE 11TH |
|
Albuquerque Isotopes batting - Pitching for Lehigh Valley IronPigs : RHP Jeremy Mitchem
|
|
Now at 2B: Jake Cox
|
|
|
Now at SS: Mitch Boyd
|
|
|
Batting: LHB Pablo Cardona
|
0-0: Foul Ball, location: 2F 0-1: Called Strike 0-2: Ball 1-2: Foul Ball, location: 2F 1-2: Strikes out swinging
|
|
Batting: LHB Gabe Harvey
|
0-0: Ball 1-0: Swinging Strike 1-1: TRIPLE (Flyball, 78XD, EV 100.0 MPH)
|
|
Batting: RHB Mike Thornton
|
0-0: Ball 1-0: Fly out, F8 (Line Drive, 8RM, EV 91.2 MPH)
|
|
Batting: RHB Ron Johansen
|
0-0: Called Strike 0-1: Called Strike 0-2: Ball 1-2: Foul Ball, location: 2F 1-2: Strikes out swinging
|
| Bottom of the 11th over - 0 runs, 1 hit, 0 errors, 1 left on base; Lehigh Valley 10 - Albuquerque 6 |
|